 Dungeon Crawl Stone Soup version 0.28.0-43-g3370ac3207 (webtiles) character file.

Game seed: 14075425500628344637

1902 smarlow the Skirmisher (level 9, 0/66 HPs)
             Began as a Djinni Conjurer on Mar 2, 2022.
             Was a Believer of Elyvilon.
             Slain by a wight
             ... wielding a +5 spear of freezing
              (4 damage)
             ... on level 7 of the Dungeon.
             The game lasted 00:15:28 (9260 turns).

smarlow the Skirmisher (Djinni Conjurer)            Turns: 9260, Time: 00:15:29

Health: 0/66       AC:  2    Str:  9    XL:     9   Next: 38%
Gold:   289        EV: 14    Int: 30    God:    Elyvilon [**....] SH:  0 Dex: 15

rFire   + + .      SeeInvis .   p - +6 hand axe "Rummage" {vorpal, rCorr Str+3 Dex+3}
rCold   x . .      Faith    .   (no shield)
rNeg    . . .      Spirit   .   a - +0 robe
rPois   ∞          Reflect  .   (no helmet)
rElec   .          Harm     .   (no cloak)
rCorr   +          Rampage  .   (no gloves)
Will    .....                   (boots unavailable)
Stlth   +++.......              (no amulet)
HPRegen 0.21/turn               l - +6 ring of intelligence
MPRegen 0.00/turn               r - ring of wizardry

@: flying, studying Shields
A: sickness immunity, fire resistance 2, cold vulnerability 1, float, innate
caster, HP casting, extra vitality 1
a: Renounce Religion, Purification, Heal Other


You were on level 7 of the Dungeon.
You worshipped Elyvilon.
Elyvilon was pleased with you.
You visited 2 branches of the dungeon, and saw 8 of its levels.

You collected 289 gold pieces.

Inventory:

Hand Weapons
 p - the +6 hand axe "Rummage" (weapon) {vorpal, rCorr Str+3 Dex+3}
   (You found it on level 5 of the Dungeon)

   It inflicts extra damage upon your enemies.
   Str:       It affects your strength (+3).
   Dex:       It affects your dexterity (+3).
   rCorr:     It protects you from acid and corrosion.
Armour
 a - a +0 robe (worn)
Jewellery
 c - a ring of protection from cold
 l - a +6 ring of intelligence (left hand)
 r - a ring of wizardry (right hand)
Wands
 h - a wand of flame (21)
Scrolls
 b - 2 scrolls of noise
 d - 3 scrolls of teleportation
Potions
 f - a potion of brilliance
 n - 3 potions of mutation {unknown}
 o - a potion of invisibility {unknown}
 q - a potion of lignification {unknown}


   Skills:
 * Level 5.8 Fighting
 + Level 3.8 Armour
 + Level 4.9 Dodging
 + Level 4.0 Stealth
 + Level 5.1 Shields
 * Level 5.5 Spellcasting


You couldn't memorise any spells.
You knew the following spells:

 Your Spells              Type           Power      Damage    Failure   Level
a - Magic Dart            Conj           100%       1d8       1%          1
b - Searing Ray           Conj           82%        2d7       1%          2
c - Dazzling Flash        Conj/Hex       82%        N/A       1%          3
d - Fulminant Prism       Conj/Hex       20%        3d13      2%          4
e - Iskenderun's Mystic   Conj/Tloc      41%        2d9       2%          4
f - Summon Small Mammal   Summ           100%       N/A       1%          1
g - Blink                 Tloc           82%        N/A       1%          2
h - Scorch                Fire           82%        2d9       1%          2
i - Gell's Gravitas       Tloc           41%        N/A       1%          3
Your spell library was empty.

Dungeon Overview and Level Annotations

Branches:
Dungeon (7/15)             Temple (1/1) D:6

Altars:
Ashenzari
Cheibriados
Dithmenos
Elyvilon
Fedhas
Gozag
Hepliaklqana
Kikubaaqudgha
Makhleb
Nemelex Xobeh
Okawaru
Qazlal
Ru
Sif Muna
Trog
Uskayaw
Vehumet
Wu Jian
Xom
Yredelemnul
The Shining One

Shops:
D:4 [

Annotations:
D:6 2 transporters, cbfl8's ghost, novice MiDe


Innate Abilities, Weirdness & Mutations

You are immune to sickness and miasma.
You are immune to poison.
Your flesh is very heat resistant. (rF++)
You are vulnerable to cold. (rC-)
You float through the air rather than walking.
You learn spells naturally, not from books.
Your magical power is your life essence.
You have superior vitality. (+4 MHP)


Message History

A wight comes into view. It is wielding a +5 spear of freezing.
Aiming: Magic Dart (safe; 1% risk of failure)
Press: ? - help, Q - select action, (/) - cycle Shift-Dir - straight line, f - wight
Aim: a wight, wielding a +5 spear of freezing and wearing a +0 robe (100% to hit)
The magic dart hits the wight.
The wight is lightly damaged.
Aiming: Magic Dart (safe; 1% risk of failure)
Press: ? - help, Q - select action, (/) - cycle Shift-Dir - straight line, f/p - wight
Aim: a wight, wielding a +5 spear of freezing and wearing a +0 robe (lightly damaged, 100% to hit)
The magic dart hits the wight.
The wight is lightly damaged.
Casting: Magic Dart (safe; 1% risk of failure)
Confirm with . or Enter, or press ? or * to list all spells.
Aiming: Searing Ray (safe; 1% risk of failure)
Press: ? - help, Shift-Dir - straight line, f/p - wight
Aim: a wight, wielding a +5 spear of freezing and wearing a +0 robe (lightly damaged, 82% to hit)
The searing ray hits the wight.
The wight is heavily damaged. (Press . to maintain the ray.)
A wight comes into view. It is wielding a +3 long sword.
The searing ray misses the wight.
The wight misses you.
The searing ray hits the wight.
The wight is severely damaged.
The wight hits you from afar with a +5 spear of freezing.
* * * LOW HITPOINT WARNING * * *
The wight freezes you.
* * * LOW HITPOINT WARNING * * *
The searing ray hits the wight but does no damage.
The wight is severely damaged.
* * * LOW HITPOINT WARNING * * *
You finish channelling your searing ray.
A wight comes into view. It is wielding a +0 spear.
The wight hits you from afar with a +5 spear of freezing!
* * * LOW HITPOINT WARNING * * *
The wight freezes you.
* * * LOW HITPOINT WARNING * * *
The wight hits you from afar with a +5 spear of freezing.
Elyvilon protects you from harm! The wight freezes you.
You die...

##...##(..PP# ... .#
#.....).....# ###.######..#.
#.........###
##)#.........#. #....)....#
.#...........##. ###..###<.#
.............)#.
###'###..#########..#######.
+....)#...........).).......
#.....#....##.####...#####).
#....z).zz.@..# #.......)..
####.##.#..#### ##########.
#.##.#### # #.....# #.....#
#.....# #...### ###<..###...
#...........


You could see 3 wights.

Vanquished Creatures
  Grinder (D:4)
  A hornet zombie (D:7)
  An ice beast (D:7)
  3 necrophages
  3 ogres
  A bullfrog (D:7)
  A scorpion (D:6)
  A water moccasin zombie (D:5)
  A water moccasin skeleton (D:6)
  A howler monkey (D:6)
  A bullfrog zombie (D:5)
  A gnoll shaman (D:4)
  A hound (D:6)
  An orc priest (D:6)
  3 jellies
  3 iguanas
  2 orc wizards (D:7)
  A scorpion zombie (D:5)
  Ijyb (D:4)
  Natasha (thrice) (D:4)
  A howler monkey zombie (D:7)
  11 adders
  5 gnolls
  A howler monkey skeleton (D:7)
  A worm (D:2)
  2 dart slugs (D:2)
  11 orcs
  9 endoplasms
  3 giant cockroaches
  11 goblins
  5 hobgoblins
  19 jackals
  A quokka (D:1)
  10 ball pythons
  7 bats
  2 frilled lizards (D:2)
  6 kobolds
  5 rats
141 creatures vanquished.

Vanquished Creatures (others)
  A plant (D:7)
1 creature vanquished.

Grand Total: 142 creatures vanquished

Notes
Turn   | Place    | Note
-------+----------+-------------------------------------------
     0 | D:1      | smarlow the Djinni Conjurer began the quest for the Orb.
     0 | D:1      | Reached XP level 1. HP: 15/15 MP: 0/0
   238 | D:1      | Reached XP level 2. HP: 10/22 MP: 0/0
   337 | D:1      | Reached skill level 1 in Fighting
   698 | D:1      | Reached XP level 3. HP: 14/27 MP: 0/0
   698 | D:1      | Learned a level 1 spell: Summon Small Mammal
   911 | D:1      | Found a faded altar of an unknown god.
  1803 | D:2      | Reached XP level 4. HP: 26/33 MP: 0/0
  2601 | D:2      | Reached skill level 1 in Armour
  2601 | D:2      | Reached skill level 1 in Shields
  2601 | D:2      | Reached XP level 5. HP: 32/38 MP: 0/0
  2601 | D:2      | Learned a level 2 spell: Blink
  4537 | D:4      | Noticed Natasha
  4541 | D:4      | Reached XP level 6. HP: 42/45 MP: 0/0
  4546 | D:4      | Killed Natasha
  4546 | D:4      | Noticed Grinder
  4687 | D:4      | Noticed Ijyb
  4699 | D:4      | Killed Ijyb
  4972 | D:4      | Noticed Natasha
  4978 | D:4      | Killed Natasha
  4993 | D:4      | Noticed Natasha
  5004 | D:4      | Killed Natasha
  5199 | D:4      | Killed Grinder
  5200 | D:4      | Reached XP level 7. HP: 38/51 MP: 0/0
  5200 | D:4      | Learned a level 2 spell: Scorch
  5664 | D:4      | Found Tivaedd's Antique Armour Emporium.
  5720 | D:4      | Reached XP level 8. HP: 55/58 MP: 0/0
  5802 | D:5      | Entered Level 5 of the Dungeon
  7272 | D:5      | Identified the +6 hand axe "Rummage" {vorpal, rCorr Str+3
                  | Dex+3}
  7410 | D:6      | Found a staircase to the Ecumenical Temple.
  7419 | Temple   | Entered the Ecumenical Temple
  7577 | Temple   | Became a worshipper of Elyvilon the Healer
  7788 | D:6      | Reached skill level 5 in Spellcasting
  7857 | D:6      | Found a transporter.
  7862 | D:6      | Reached * piety under Elyvilon
  7863 | D:6      | Noticed cbfl8's ghost (novice MiDe)
  7928 | D:6      | Found a transporter.
  8010 | D:6      | Reached skill level 5 in Fighting
  8370 | D:6      | Reached ** piety under Elyvilon
  8394 | D:6      | Reached XP level 9. HP: 51/65 MP: 0/0
  8394 | D:6      | Learned a level 3 spell: Gell's Gravitas
  8877 | D:7      | Elyvilon protects you from harm!
  8880 | D:7      | Reached skill level 5 in Shields
  9260 | D:7      | Elyvilon protects you from harm!
  9260 | D:7      | Slain by a wight

Illustrated notes

Levels and vault maps discovered:
D:1:      lightli_arrival_flooded_house, layout_basic,
          shapermc_ecumenical_altar_flowoftime
D:2:      layout_loops_ring
D:3:      layout_basic
D:4:      layout_rooms, nicolae_inconvenience_store, uniq_grinder, uniq_natasha,
          uniq_ijyb
D:5:      layout_cave_pods
D:6:      layout_gridville, minmay_temple_entry_drinking_statues,
          gammafunk_ghost_stat_death
D:7:      layout_gridville, nicolae_ossuary_entry_false_entrances,
          enter_bailey_3, sigmund_edmund_badplayer
Temple:   kilobyte_greek_temple

Skill      XL: |  1  2  3  4  5  6  7  8  9 |
---------------+----------------------------+-----
Fighting       | 1 2 3 4 5 |  5.8
Stealth        | 2 3 4 |  4.0
Armour         | 1 2 3 |  3.8
Shields        | 1 2 3 4 5 |  5.1
Dodging        | 3 4 |  4.9
Spellcasting   | 4 5 |  5.5

Action                   |  1- 3 |  4- 6 |  7- 9 || total
-------------------------+-------+-------+-------++-------
 Cast: Magic Dart        |    88 |   151 |   133 ||   372
       Searing Ray       |       |    11 |     8 ||    19
       Iskenderun's Myst |       |       |    35 ||    35
       Summon Small Mamm |       |       |     1 ||     1
  Use: Scroll            |       |     3 |     6 ||     9
       Potion            |       |       |     2 ||     2
Armor: Robe              |     2 |     6 |     3 ||    11
Dodge: Dodged            |     9 |    32 |    16 ||    57
